 Dungeon Crawl Stone Soup version 0.30-a0-953-g5f1da4a474 (webtiles) character file.

Game seed: 4899996149599447420

3864 jasper the Cleaver (level 9, -3/69 HPs)
             Began as a Demonspawn Cinder Acolyte on Mar 28, 2023.
             Was an Initiate of Ashenzari.
             Slain by a fire elemental (11 damage)
             ... created by the fiery vengeance of Ignis
             ... on level 8 of the Dungeon.
             The game lasted 00:10:45 (6251 turns).

jasper the Cleaver (Demonspawn Cinder Acolyte)      Turns: 6251, Time: 00:10:46

Health: -3/69      AC: 15    Str: 18    XL:     9   Next: 99%
Magic:  10/10      EV: 11    Int: 17    God:    Ashenzari [......]
Gold:   178        SH:  9    Dex:  8    Spells: 10/10 levels left

rFire   . . .      SeeInvis .    d - +1 war axe
rCold   + . .      Faith    .    L - +0 buckler
rNeg    . . .      Spirit   .    l - +0 chain mail
rPois   +          Reflect  +    (no helmet)
rElec   .          Rampage  .    o - scarf {rC+ rF+}
rCorr   .                        p - +0 pair of gloves
Will    .....                    G - +0 pair of boots Stlth
                                 q - amulet of reflection
HPRegen 0.31/turn                C - +5 ring of evasion
MPRegen 0.12/turn                K - ring of poison resistance

@: mighty, fire susceptible
A: hooves 2, icy blue scales 2, ignite blood 2
a: Renounce Religion


You were on level 8 of the Dungeon.
You worshipped Ashenzari.
Ashenzari was noncommittal.
You visited 2 branches of the dungeon, and saw 9 of its levels.

You collected 1088 gold pieces.
You spent 910 gold pieces at shops.

Inventory:

Hand Weapons
 a - a -1 hand axe of flaming
 d - a +1 war axe (weapon)
 k - the +7 Throatcutter {drain, coup de grace}
   (You took it off Terence on level 2 of the Dungeon)
Missiles
 E - 2 boomerangs (quivered)
Armour
 b - a +0 robe
 j - a +0 cloak
 l - a +0 chain mail (worn)
 o - a scarf of resistance (worn)
 p - a +0 pair of gloves (worn)
 G - a +0 pair of boots (worn)
 H - a +0 kite shield
 L - a +0 buckler (worn)
 N - the +18 shield of the Gong {Loud rN+ Will+ rCorr EV-5}
   (You found it on level 7 of the Dungeon)

   Loud:      It is deafeningly noisy when blocking attacks.
   EV:        It affects your evasion (-5).
   rN:        It protects you from negative energy.
   rCorr:     It protects you from acid and corrosion.
   Will:      It increases your willpower.
Jewellery
 c - a ring of flight
 q - an amulet of reflection (around neck)
 C - a +5 ring of evasion (left hand)
 K - a ring of poison resistance (right hand)
Wands
 D - a wand of charming (13)
 I - a wand of mindburst (3)
 M - a wand of polymorph (6)
Scrolls
 r - 3 scrolls of immolation
 u - 2 scrolls of magic mapping
 v - 3 scrolls of fog
 w - 2 scrolls of enchant armour
 x - 2 scrolls of teleportation
 y - 2 scrolls of fear
 z - 2 scrolls of poison
 A - a scroll of blinking
 B - 2 scrolls of amnesia
 J - a scroll of silence
 O - a scroll of enchant weapon
Potions
 e - 3 potions of flight
 f - 3 potions of haste
 h - 5 potions of degeneration
 i - 5 potions of curing
 n - 2 potions of mutation
 s - a potion of attraction {unknown}
 t - 3 potions of lignification {unknown}
 P - 2 potions of berserk rage {unknown}


   Skills:
 + Level 6.2 Fighting
 * Level 9.0 Axes
 + Level 4.7 Armour
 + Level 2.8 Shields
 - Level 1.0 Spellcasting
 - Level 2.6 Fire Magic
 - Level 7.0 Evocations


You had 10 spell levels left.
You didn't know any spells.
Your spell library contained the following spells:

 Spells                   Type           Power      Damage    Failure   Level
 Scorch                   Fire           18%        2d5       86%         2
 Kiss of Death            Conj/Necr      0%         2d5       98%         1
 Ensorcelled Hibernation  Hex/Ice        0%         N/A       99%         2
 Passwall                 Tmut/Erth      0%         N/A       99%         2
 Confusing Touch          Hex            0%         N/A       100%        3
 Swiftness                Air            0%         N/A       100%        3
 Dispel Undead            Necr           0%         3d6       100%        4
 Flame Wave               Conj/Fire      5%         2d5       100%        4
 Summon Cactus Giant      Summ           0%         N/A       100%        6


Dungeon Overview and Level Annotations

Branches:
Dungeon (8/15)             Temple (1/1) D:7
   Lair: D:8-11

Altars:
Ashenzari
Cheibriados
Dithmenos
Fedhas
Gozag
Kikubaaqudgha
Makhleb
Nemelex Xobeh
Okawaru
Qazlal
Ru
Sif Muna
Uskayaw
Yredelemnul

Shops:
D:6 *   D:7 [


Innate Abilities, Weirdness & Mutations

You have hoof-like feet.
You are mostly covered in icy blue scales. (AC +3)
Your demonic aura often causes spilled blood to erupt in flames.


Message History

* * * LOW HITPOINT WARNING * * *
You take 6 damage, and have 14/69 hp.
You feel much better.
You hear the steady creaking of a very distant portcullis.
You block the fire elemental's attack. x2
You regained 22 hp, and now have 36/69 hp.
You feel much better. The fire elemental hits you.
The fire elemental burns you!
The fire elemental completely misses you.
You block the fire elemental's attack. The fire elemental closely misses you.
You regained 17 hp, and now have 53/69 hp.
You closely miss the fire elemental.
The fire elemental is moderately damaged.
You miss the fire elemental. The fire elemental hits you.
The fire elemental burns you! The fire elemental hits you.
The fire elemental burns you!
You take 16 damage, and have 37/69 hp.
MASSIVE DAMAGE!!
You barely miss the fire elemental.
The fire elemental is moderately damaged.
You barely miss the fire elemental. The fire elemental hits you.
The fire elemental burns you! You block the fire elemental's attack.
You take 10 damage, and have 27/69 hp.
You barely miss the fire elemental.
The fire elemental is moderately damaged.
You slash the fire elemental!
You block the fire elemental's attack. x2
The fire elemental hits you. The fire elemental burns you!
* * * LOW HITPOINT WARNING * * *
The fire elemental closely misses you.
You take 11 damage, and have 16/69 hp.
You closely miss the fire elemental.
The fire elemental is moderately damaged.
You hit the fire elemental. The fire elemental barely misses you.
You block the fire elemental's attack.
You completely miss the fire elemental.
The fire elemental is moderately damaged.
You slash the fire elemental! The fire elemental hits you.
The fire elemental burns you!
* * * LOW HITPOINT WARNING * * *
The fire elemental hits you. The fire elemental burns you!
You die...

.######.#.#.######
..........>......#
######)#.#.......
##.#.#####..# ###..#.#
.. ##### ##....#.# #
##...###..##.#.#
##....#EE.###.#.#
.##.....+@### #.#.#
........### #.#.#
###....°# #.#.#
+....☼##### #.#
#.....☼...# #.#
#......○..# #.#
##......☼○.###.#######
.............##........
..####+###.°....#######


You could see 2 fire elementals.

Vanquished Creatures
  Erica (D:8)
  2 vault sentinels (D:7)
  Prince Ribbit (D:5)
  Sigmund (D:2)
  A wyvern (D:8)
  2 fire elementals (D:8)
  A water moccasin (D:6)
  A sky beast (D:7)
  2 orc warriors (D:6)
  An ice beast (D:5)
  An ogre (D:6)
  2 centaurs
  A phantom (D:5)
  3 bullfrogs
  A gnoll sergeant (D:6)
  4 wights (D:6)
  The ghost of BlueFish the Grasshopper, a weakling OpWr (D:3)
  3 hounds
  A jelly (D:6)
  6 orc priests
  Jessica (D:2)
  An iguana (D:7)
  2 sleepcaps
  Terence (D:2)
  An orc wizard (D:7)
  Natasha (thrice) (D:2)
  7 gnolls
  12 adders
  2 shadow imps (D:7)
  3 white imps
  4 worms
  11 orcs
  7 ball pythons
  6 endoplasms
  4 giant cockroaches
  4 goblins
  6 hobgoblins
  12 jackals
  3 kobolds (D:2)
  3 quokkas
  5 bats
  A rat (D:3)
135 creatures vanquished.

Vanquished Creatures (others)
  44 foxfires (D:2)
44 creatures vanquished.

Grand Total: 179 creatures vanquished

Notes
Turn   | Place    | Note
-------+----------+-------------------------------------------
     0 | D:1      | jasper the Demonspawn Cinder Acolyte began the quest for
                  | the Orb.
     0 | D:1      | Reached XP level 1. HP: 18/18 MP: 2/2
   110 | D:1      | Reached skill level 3 in Axes
   278 | D:1      | Gained mutation: Your demonic aura sometimes causes spilled
                  | blood to erupt in flames. [demonic ancestry]
   278 | D:1      | Reached XP level 2. HP: 23/24 MP: 3/3
   829 | D:2      | Noticed Jessica
   838 | D:2      | Killed Jessica
   839 | D:2      | Reached skill level 4 in Axes
   839 | D:2      | Reached XP level 3. HP: 29/29 MP: 4/4
   844 | D:2      | Noticed Natasha
   855 | D:2      | Killed Natasha
   856 | D:2      | Gained mutation: You are partially covered in icy blue
                  | scales. (AC +2) [demonic ancestry]
   856 | D:2      | Reached XP level 4. HP: 18/35 MP: 5/5
   869 | D:2      | Noticed Natasha
   875 | D:2      | Killed Natasha
   975 | D:2      | Reached skill level 5 in Axes
  1009 | D:2      | Noticed Natasha
  1013 | D:2      | Killed Natasha
  1019 | D:2      | Gained mutation: Your demonic aura often causes spilled
                  | blood to erupt in flames. [demonic ancestry]
  1019 | D:2      | Reached XP level 5. HP: 19/41 MP: 6/6
  1061 | D:2      | Noticed Terence
  1066 | D:2      | Killed Terence
  1257 | D:2      | Noticed Sigmund
  1263 | D:2      | Killed Sigmund
  1264 | D:2      | Reached skill level 6 in Axes
  1264 | D:2      | Reached skill level 1 in Armour
  1264 | D:2      | Gained mutation: You are mostly covered in icy blue scales.
                  | (AC +3) [demonic ancestry]
  1264 | D:2      | Reached XP level 6. HP: 31/47 MP: 7/7
  1449 | D:3      | Found a runed translucent door.
  1481 | D:3      | Noticed BlueFish's ghost (weakling OpWr)
  1487 | D:3      | Killed BlueFish's ghost
  1497 | D:3      | Identified a scroll of acquirement
  1497 | D:3      | Acquired 753 gold pieces
  2240 | D:4      | Gained mutation: You have large cloven feet. [demonic
                  | ancestry]
  2240 | D:4      | Reached XP level 7. HP: 54/54 MP: 8/8
  2281 | D:4      | Found Bixe's Magic Scroll Boutique.
  2289 | D:4      | Bought a scroll of fog for 40 gold pieces
  2289 | D:4      | Bought a scroll of enchant armour for 75 gold pieces
  2289 | D:4      | Bought a scroll of teleportation for 30 gold pieces
  2289 | D:4      | Bought a scroll of immolation for 40 gold pieces
  2289 | D:4      | Bought a scroll of fear for 40 gold pieces
  2289 | D:4      | Bought a scroll of fear for 40 gold pieces
  2289 | D:4      | Bought a scroll of teleportation for 30 gold pieces
  2289 | D:4      | Bought a scroll of poison for 40 gold pieces
  2289 | D:4      | Bought a scroll of blinking for 75 gold pieces
  2289 | D:4      | Bought a scroll of identify for 20 gold pieces
  2289 | D:4      | Bought a scroll of amnesia for 40 gold pieces
  3021 | D:5      | Entered Level 5 of the Dungeon
  3373 | D:5      | Noticed Prince Ribbit
  3383 | D:5      | Killed Prince Ribbit
  3384 | D:5      | Reached skill level 7 in Axes
  3589 | D:5      | Gained mutation: You have hoof-like feet. [demonic
                  | ancestry]
  3589 | D:5      | Reached XP level 8. HP: 61/61 MP: 9/9
  3619 | D:5      | Found a stormy altar of Qazlal.
  3735 | D:6      | Reached skill level 5 in Fighting
  3985 | D:6      | Noticed an angel
  4026 | D:6      | Reached skill level 8 in Axes
  4026 | D:6      | Reached skill level 1 in Shields
  4623 | D:6      | Reached XP level 9. HP: 58/69 MP: 10/10
  4651 | D:6      | Found Fiqony's Assorted Antiques.
  4660 | D:6      | Bought a buckler for 99 gold pieces
  4660 | D:6      | Bought a worn copper wand for 88 gold pieces
  4660 | D:6      | Bought a long lead wand for 88 gold pieces
  4660 | D:6      | Bought a scroll of enchant weapon for 165 gold pieces
  4840 | D:7      | Found a blossoming altar of Fedhas.
  4890 | D:7      | Found a burning altar of Makhleb.
  5006 | D:7      | Noticed a vault sentinel
  5006 | D:7      | Noticed a vault sentinel
  5035 | D:7      | Killed a vault sentinel
  5040 | D:7      | Killed a vault sentinel
  5062 | D:7      | Found the +18 shield of the Gong {Loud rN+ Will+ rCorr
                  | EV-5}
  5121 | D:7      | Found an iron altar of Okawaru.
  5194 | D:7      | Found a staircase to the Ecumenical Temple.
  5291 | D:7      | Found a shadowy altar of Dithmenos.
  5451 | D:7      | Found Filimad's Armour Emporium.
  5513 | D:7      | Found a shimmering blue altar of Sif Muna.
  5816 | D:7      | Reached skill level 5 in Evocations
  5940 | Temple   | Entered the Ecumenical Temple
  5953 | Temple   | Fell from the grace of Ignis
  5953 | Temple   | Became a worshipper of Ashenzari the Shackled
  6013 | D:8      | Noticed Erica
  6020 | D:8      | Killed Erica
  6098 | D:8      | Reached skill level 9 in Axes
  6251 | D:8      | Slain by a fire elemental

Illustrated notes

Levels and vault maps discovered:
D:1:      dpeg_chamrin_arrival_tetris, layout_basic
D:2:      layout_rooms, minmay_misc_feat_diagonals, dk_noncrumbling_4,
          uniq_terence, uniq_jessica, uniq_natasha, uniq_sigmund
D:3:      layout_loops_ring, ebering_ghost_sewer_d
D:4:      layout_gridville, serial_shops, nicolae_shop_stone
D:5:      layout_basic, mainiacjoe_overflow_brackets, uniq_prince_ribbit1
D:6:      layout_rooms, zin_angel, kennysheep_windowed_goal
D:7:      layout_basic, mainiacjoe_overflow_alcove_1, okawaru_ov_weapons_minmay,
          fedhas_altar_3, grunt_dithmenos_shadows, makhleb_heckhound_becter,
          minmay_temple_entry_stoned_glass, serial_shops, kennysheep_mini,
          palyth_stone_intersect, st_stairs_10, hellmonk_guarded_unrand_gong
D:8:      layout_basic, nicolae_vehumet_altar_sigil, lemuel_tele_altar,
          jmf_multi_god_temple, lightli_bailey_entry_fortress,
          dreamdust_deal_with_the_devil, uniq_maggie, uniq_grum, uniq_erica
Temple:   nicolae_temple_ecumenical_triangle

Skill      XL: |  1  2  3  4  5  6  7  8  9 |
---------------+----------------------------+-----
Axes           | 3 4 5 6 7 8 9 |  9.0
Armour         | 1 2 3 4 |  4.7
Fighting       | 4 5 6 |  6.2
Shields        | 2 |  2.8
Evocations     | 7 |  7.0
Spellcasting   | |  1.0
Fire Magic     | |  2.6

Action                     |  1- 3 |  4- 6 |  7- 9 || total
---------------------------+-------+-------+-------++-------
  Melee: War axe           |    60 |    24 |   113 ||   197
         Punch             |     1 |     1 |       ||     2
         Long sword        |       |    65 |   102 ||   167
         Kick              |       |       |    11 ||    11
  Throw: Boomerang         |       |       |     2 ||     2
 Invoke: Fiery Armour      |     1 |     1 |     1 ||     3
         Foxfire Swarm     |       |     2 |       ||     2
  Evoke: Wand              |       |       |    11 ||    11
    Use: Scroll            |     4 |     4 |     9 ||    17
         Potion            |       |       |     5 ||     5
   Stab: Sleeping          |     1 |       |       ||     1
 Armour: Robe              |    15 |    12 |       ||    27
         Chain mail        |       |    55 |   104 ||   159
  Dodge: Dodged            |    47 |    40 |    94 ||   181
  Block: Other             |       |     3 |    20 ||    23
         Kite shield       |       |       |    41 ||    41
         Reflection        |       |       |     6 ||     6
         Buckler           |       |       |    34 ||    34

Table legend: (Time is in decaauts)
 A = Elapsed time spent in this place.
 B = Non-inter-level travel time spent in this place.
 C = Inter-level travel time spent in this place.
 D = Time resting spent in this place.
 E = Time spent auto-exploring this place.
 F = Levels seen in this place.
 G = Mean time per level.
                   A        B        C        D        E       F      G
               +--------+--------+--------+--------+--------+-----+--------+
         Total |   6367 |   6209 |    158 |    192 |   4771 |   9 |  707.4 |
       Dungeon |   6348 |   6194 |    154 |    192 |   4771 |   8 |  793.5 |
        Temple |     18 |     14 |      4 |      0 |      0 |   1 |   18.0 |
               +--------+--------+--------+--------+--------+-----+--------+

Top non-repeatable levels by time:
     D:7: 1206 daAuts
     D:6: 1091 daAuts
     D:3: 860 daAuts
     D:4: 841 daAuts
     D:1: 733 daAuts
     D:5: 703 daAuts
     D:2: 654 daAuts
     D:8: 257 daAuts
  Temple: 18 daAuts
